 Dungeon Crawl Stone Soup version 0.29.1-1-gd02db6906a (webtiles) character file.

Game seed: 3607223502687343615

5522 mcbry74 the Cleaver (level 10, -1/78 HPs)
             Began as a Minotaur Berserker on Sept 16, 2022.
             Was an Elder of Trog.
             Slain by Prince Ribbit (14 damage)
             ... on level 8 of the Dungeon.
             The game lasted 00:30:26 (8835 turns).

mcbry74 the Cleaver (Minotaur Berserker)            Turns: 8835, Time: 00:30:27

Health: -1/78      AC: 16    Str: 23    XL:     10   Next: 43%
Magic:  9/9        EV:  9    Int:  6    God:    Trog [****..]
Gold:   116        SH:  0    Dex: 13    Spells: 9/9 levels left

rFire   + . .      SeeInvis .   j - +1 executioner's axe (flame)
rCold   . . .      Faith    .   (shield currently unavailable)
rNeg    . . .      Spirit   .   A - +1 plate armour {rF+}
rPois   .          Reflect  .   (helmet restricted)
rElec   .          Harm     .   (no cloak)
rCorr   .          Rampage  .   p - +0 pair of gloves
Will    +....                   (no boots)
Stlth   ..........              E - amulet of the acrobat
HPRegen 0.23/turn               H - +4 ring of slaying
MPRegen 0.11/turn               D - ring of willpower

@: no status effects
A: horns 2, retaliatory headbutt, thin skeletal structure 1, screaming 1
a: Renounce Religion, Berserk, Trog's Hand, Brothers in Arms


You were on level 8 of the Dungeon.
You worshipped Trog.
Trog was greatly pleased with you.
You visited 1 branch of the dungeon, and saw 8 of its levels.

You collected 1064 gold pieces.
You spent 948 gold pieces at shops.

Inventory:

Hand Weapons
 a - a +0 hand axe
 j - a +1 executioner's axe of flaming (weapon)
 s - a +4 whip
 G - a +0 broad axe
Missiles
 y - 9 boomerangs
 K - 6 poisoned darts
 M - 3 curare-tipped darts (quivered)
Armour
 b - a +0 animal skin
 p - a +0 pair of gloves (worn)
 A - a +1 plate armour of fire resistance (worn)
 I - a +0 ring mail of poison resistance
Jewellery
 i - a ring of flight
 v - a +6 ring of intelligence
 D - a ring of willpower (right hand)
 E - an amulet of the acrobat (around neck)
 F - an amulet of faith
 H - a +4 ring of slaying (left hand)
 J - a ring of willpower
Wands
 m - a wand of mindburst (6)
 u - a wand of flame (7)
 L - a wand of roots (6)
Scrolls
 d - a scroll of summoning
 k - 3 scrolls of teleportation
 l - a scroll of fear
 n - a scroll of magic mapping {unknown}
 q - 2 scrolls of amnesia {unknown}
 t - a scroll of butterflies {unknown}
 w - 2 scrolls of immolation {unknown}
 x - a scroll of enchant armour {unknown}
 B - a scroll of enchant weapon {unknown}
 C - a scroll of torment {unknown}
 O - a scroll of identify
 P - a scroll of blinking {unknown}
Potions
 c - 3 potions of mutation
 e - 6 potions of curing
 f - 2 potions of flight {unknown}
 g - a potion of haste {unknown}
 h - 3 potions of might {unknown}
 o - 2 potions of magic {unknown}
 r - a potion of attraction {unknown}
 z - 2 potions of resistance {unknown}
 N - a potion of lignification {unknown}


   Skills:
 - Level 4.0 Fighting
 * Level 13.8 Axes
 + Level 5.9 Throwing
 + Level 9.1 Armour
 - Level 5.8 Dodging


You had 9 spell levels left.
You didn't know any spells.
Your spell library was empty.

Dungeon Overview and Level Annotations

Branches:
Dungeon (8/15)             Temple (0/1) D:5
   Lair: D:8-11

Altars:
Ashenzari
Okawaru
Qazlal
Xom

Shops:
D:2 =   D:5 ((:=!   D:6 =   D:7 *

Annotations:
D:8 Prince Ribbit


Innate Abilities, Weirdness & Mutations

You have a pair of horns on your head.
You reflexively headbutt those who attack you in melee.
You have a somewhat thin skeletal structure. (Dex +2, Stealth+)
You occasionally shout uncontrollably at your foes.


Message History

Prince Ribbit croaks.
You slash the two-headed ogre! You burn the two-headed ogre.
The two-headed ogre is moderately wounded.
You hear a shout!
The two-headed ogre hits you with a +0 giant club!
The two-headed ogre hits you with a +0 giant club!!
You hit the two-headed ogre. You burn the two-headed ogre.
The two-headed ogre is heavily wounded.
The two-headed ogre hits you but does no damage.
The two-headed ogre hits you with a +0 giant club!
You slice the two-headed ogre!! You burn the two-headed ogre!
You kill the two-headed ogre!
Trog accepts your kill.
Your Armour skill increases to level 9!
Throw: 4 darts (curare)
Press: ? - help, Q - select action, (/) - cycle Shift-Dir - straight line, f - two-headed ogre
Aim: a two-headed ogre, wielding two +0 giant clubs (79% to hit)
You throw a curare-tipped dart.
The curare-tipped dart hits the two-headed ogre.
The two-headed ogre is poisoned.
The two-headed ogre convulses.
The two-headed ogre seems to slow down.
The two-headed ogre is lightly wounded.
You miss Prince Ribbit. Your headbutt misses Prince Ribbit.
Prince Ribbit hits you.
Prince Ribbit hits you but does no damage.
You slash the two-headed ogre! You burn the two-headed ogre.
You headbutt the two-headed ogre, but do no damage.
The two-headed ogre is moderately wounded.
You miss Prince Ribbit. Prince Ribbit hits you!
* * * LOW HITPOINT WARNING * * *
The two-headed ogre hits you with a +0 giant club.
* * * LOW HITPOINT WARNING * * *
The two-headed ogre hits you but does no damage.
Prince Ribbit barely misses you. You furiously retaliate!
You headbutt Prince Ribbit. You barely miss the two-headed ogre.
You headbutt the two-headed ogre.
The two-headed ogre is heavily wounded.
You closely miss Prince Ribbit. Prince Ribbit closely misses you.
Prince Ribbit attacks as you move away! Prince Ribbit hits you!
You die...

. .... .... ..
#...###....... (..
....((..##...
.......>..((........
.......##...(.......
##......##[..(.......
##.......[.<).(.......
#.........[)..OF......
#.....#.......@..##
#.....##........##
#.......[........##.
###....................
#...............#####...
...####..........# ..
##..# ##....##...# .
#..#####....##......
#..##.#.....#........


You could see a two-headed ogre (very poisoned, slow) and Prince Ribbit.

Vanquished Creatures
  A two-headed ogre (D:8)
  Pikel (D:4)
  A gargoyle (D:6)
  The ghost of bear the Cleaver, a novice DsBe of Trog (D:6)
  Grinder (D:3)
  Sigmund (D:2)
  A steam dragon (D:8)
  A vampire mosquito (D:6)
  2 orc warriors
  2 sky beasts
  2 black bears (D:6)
  An ice beast (D:6)
  4 ogres
  A centaur (D:8)
  A phantom (D:6)
  2 lemures (D:4)
  A kobold brigand (D:7)
  2 bullfrogs
  A gnoll sergeant (D:6)
  A necrophage (D:8)
  3 scorpions
  13 wights
  4 orc priests
  2 gnoll boudas
  4 hounds
  3 jellies
  6 iguanas
  5 orc wizards
  Robin (D:2)
  9 gnolls
  13 adders
  A white imp (D:6)
  3 ufetubi
  3 dart slugs
  26 orcs
  9 endoplasms
  3 giant cockroaches
  12 goblins
  15 hobgoblins
  4 jackals
  2 quokkas
  8 ball pythons
  3 bats
  7 frilled lizards
  17 kobolds
  4 rats
208 creatures vanquished.

Vanquished Creatures (others)
  2 plants (D:1)
2 creatures vanquished.

Grand Total: 210 creatures vanquished

Notes
Turn   | Place    | Note
-------+----------+-------------------------------------------
     0 | D:1      | mcbry74 the Minotaur Berserker began the quest for the Orb.
     0 | D:1      | Reached XP level 1. HP: 19/19 MP: 0/0
   332 | D:1      | Reached XP level 2. HP: 27/27 MP: 1/1
   358 | D:1      | Reached skill level 4 in Axes
   904 | D:1      | Reached XP level 3. HP: 33/33 MP: 2/2
  1168 | D:1      | Reached ** piety under Trog
  1303 | D:2      | Noticed Sigmund
  1317 | D:2      | Killed Sigmund
  1318 | D:2      | Reached skill level 5 in Axes
  1318 | D:2      | Reached XP level 4. HP: 34/40 MP: 3/3
  1318 | D:2      | Reached XP level 5. HP: 39/46 MP: 4/4
  1783 | D:2      | Found Seucik's Jewellery Shop.
  1879 | D:2      | Noticed Robin
  1898 | D:2      | Killed Robin
  1899 | D:2      | Reached skill level 6 in Axes
  2348 | D:3      | Noticed Grinder
  2845 | D:3      | Reached XP level 6. HP: 52/52 MP: 3/5
  2851 | D:3      | Killed Grinder
  2852 | D:3      | Reached skill level 7 in Axes
  3066 | D:3      | Found a faded altar of an unknown god.
  3160 | D:4      | Reached XP level 7. HP: 52/59 MP: 6/6
  3171 | D:4      | Reached *** piety under Trog
  3172 | D:4      | Reached skill level 5 in Armour
  3648 | D:4      | Noticed Pikel
  3661 | D:4      | Killed Pikel
  3662 | D:4      | Reached skill level 9 in Axes
  3662 | D:4      | Reached skill level 5 in Dodging
  3662 | D:4      | Reached XP level 8. HP: 57/66 MP: 5/7
  4593 | D:4      | Found a shimmering altar of Xom.
  4814 | D:5      | Entered Level 5 of the Dungeon
  4814 | D:5      | Found Lanuodu's Distillery.
  4841 | D:5      | Bought a potion of degeneration for 12 gold pieces
  4925 | D:5      | Gained mutation: You occasionally shout uncontrollably at
                  | your foes. [potion of mutation]
  4925 | D:5      | Gained mutation: You have a somewhat thin skeletal
                  | structure. (Dex +2, Stealth+) [potion of mutation]
  4955 | D:5      | Reached skill level 1 in Throwing
  5255 | D:5      | Reached skill level 10 in Axes
  5306 | D:5      | Found a staircase to the Ecumenical Temple.
  5333 | D:5      | Found Lygeoc's Jewellery Shop.
  5369 | D:5      | Found Upseuz's Book Shop.
  5644 | D:5      | Found Dooc Zos's Weapon Shoppe.
  5857 | D:5      | Found Zaash's Antique Weapon Shop.
  6109 | D:5      | Found an iron altar of Okawaru.
  6111 | D:5      | Found a stormy altar of Qazlal.
  6167 | D:5      | Found a broken altar of Ashenzari.
  6229 | D:6      | Found Kypruc's Jewellery Boutique.
  6352 | D:6      | Reached XP level 9. HP: 71/71 MP: 8/8
  6353 | D:6      | Reached skill level 11 in Axes
  6405 | D:6      | Identified 2 scrolls of acquirement
  6406 | D:6      | Acquired 510 gold pieces
  6468 | D:6      | Reached **** piety under Trog
  6776 | D:6      | Noticed a gargoyle
  6790 | D:6      | Killed a gargoyle
  6791 | D:6      | Reached skill level 12 in Axes
  7302 | D:6      | Found a runed translucent door.
  7304 | D:6      | Noticed bear's ghost (novice DsBe)
  7314 | D:6      | Killed bear's ghost
  7493 | D:5      | Bought a +4 ring of slaying for 936 gold pieces
  7588 | D:7      | Acquired a +1 executioner's axe of flaming
  7609 | D:7      | Identified the +4 ring mail "Huntegg" {Harm}
  7759 | D:7      | Reached skill level 5 in Throwing
  7974 | D:7      | Reached XP level 10. HP: 78/78 MP: 9/9
  8001 | D:7      | Reached skill level 13 in Axes
  8271 | D:7      | Found Yfa Zir's General Store.
  8607 | D:8      | Noticed a two-headed ogre
  8821 | D:8      | Noticed a two-headed ogre
  8827 | D:8      | Noticed Prince Ribbit
  8830 | D:8      | Killed a two-headed ogre
  8835 | D:8      | Slain by Prince Ribbit

Illustrated notes

Levels and vault maps discovered:
D:1:      nzn_arrival_depleted_hourglass, layout_loops_ring,
          nicolae_grassy_gnolls
D:2:      layout_loops_corners, serial_shops, shop, uniq_robin, uniq_sigmund
D:3:      layout_loops_ring, dreamdust_ecumenical_altar_statues, uniq_grinder
D:4:      layout_basic, xom_confusion_cloud, minmay_distorted, uniq_pikel
D:5:      layout_gridville, nicolae_overflow_hidden_temple,
          minmay_temple_entry_offerings, serial_shops, shop,
          nicolae_stop_n_shop_2, nicolae_inconvenience_store,
          nicolae_shop_stone, shop
D:6:      hangedman_cross_stitches, layout_cave_pools, serial_shops, shop,
          ebering_ghost_reflecting_pool, minmay_misc_feat_square
D:7:      layout_rooms, serial_shops, shop
D:8:      layout_cave_pools, uniq_prince_ribbit1

Skill      XL: |  1  2  3  4  5  6  7  8  9 10 |
---------------+-------------------------------+-----
Axes           | 4 5 6 7 9 10 12 13 | 13.8
Fighting       | 4 |  4.0
Armour         | 3 4 5 6 8 9 |  9.1
Dodging        | 3 4 5 |  5.8
Throwing       | 3 5 |  5.9

Action                   |  1- 3 |  4- 6 |  7- 9 | 10-12 || total
-------------------------+-------+-------+-------+-------++-------
Melee: Hand axe          |    58 |   119 |   285 |       ||   462
       Headbutt          |     5 |    17 |    55 |     9 ||    86
       Punch             |     1 |     1 |     5 |       ||     7
       Executioner's axe |       |       |    37 |    45 ||    82
Throw: Boomerang         |       |       |    38 |       ||    38
       Dart              |       |       |     9 |    14 ||    23
Invok: Berserk           |     2 |     2 |     5 |       ||     9
       Trog's Hand       |       |     1 |     1 |       ||     2
  Use: Potion            |       |       |     1 |       ||     1
       Scroll            |       |       |     8 |       ||     8
 Stab: Sleeping          |       |     1 |       |       ||     1
Armor: Animal skin       |     4 |    34 |     1 |       ||    39
       Plate armour      |       |       |   129 |    36 ||   165
Dodge: Dodged            |    67 |    77 |   150 |    27 ||   321
